 Dungeon Crawl Stone Soup version 0.19.1 (webtiles) character file.

80288 JeffiDaFish the Fighter (level 15, -2/99 HPs)
             Began as a Gargoyle Fighter on Dec 4, 2016.
             Was the Champion of Makhleb.
             Killed by divine providence
             ... invoked by a meliai
              (14 damage)
             ... on level 15 of the Dungeon.
             The game lasted 01:06:23 (18934 turns).

JeffiDaFish the Fighter (Gargoyle Fighter)         Turns: 18934, Time: 01:06:23

Health: -2/99      AC: 45    Str: 30    XL:     15   Next: 66%
Magic:  0/26       EV:  9    Int: 11    God:    Makhleb [******]
Gold:   312        SH:  0    Dex: 12    Spells: 1 memorised, 25 levels left

rFire  . . .     SeeInvis +     M - +10 dark maul {crush}
rCold  . . .     Gourm    .     N - +1 crystal plate armour
rNeg   + . .     Faith    .     (shield currently unavailable)
rPois  ∞         Spirit   +     c - +0 helmet {SInv}
rElec  +         Reflect  .     v - +2 cloak
rCorr  .         Harm     .     b - +2 pair of gloves
MR     +....                    I - +1 pair of boots
Stlth  ..........               g - amulet of guardian spirit
                                J - +4 ring of strength
                                a - +5 ring of strength

@: no status effects
A: big wings, repulsion field 1, negative energy resistance 1, electricity
resistance, unbreathing, petrification resistance, rot immunity, AC +11
a: Fly, Minor Destruction, Lesser Servant of Makhleb, Major Destruction, Greater
Servant of Makhleb, Renounce Religion


You were on level 15 of the Dungeon.
You worshipped Makhleb.
Makhleb was exalted by your worship.
You were not hungry.

You visited 2 branches of the dungeon, and saw 21 of its levels.
You also visited: Labyrinth.

You collected 1391 gold pieces.
You spent 1079 gold pieces at shops.

Inventory:

Hand Weapons
 z - the +7 trident of Intimidation {venom, Dex+4}
   (You found it on level 6 of the Lair of Beasts)

   It poisons the flesh of those it strikes.
   It affects your dexterity (+4).
 M - the +10 dark maul (weapon) {crush}
   (You took it off a minotaur in a labyrinth)

   It inflicts extra damage upon your enemies.
Armour
 b - a +2 pair of gloves (worn)
 c - a +0 helmet of see invisible (worn)
 v - a +2 cloak (worn)
 I - a +1 pair of boots (worn)
 N - a +1 crystal plate armour (worn)
Jewellery
 a - a +5 ring of strength (left hand)
 g - an amulet of guardian spirit (around neck)
 J - a +4 ring of strength (right hand)
 Q - a +4 ring of evasion
Wands
 x - a wand of heal wounds (1/9)
 K - a wand of hasting (2/9)
Scrolls
 d - 3 scrolls of fog
 l - 14 scrolls of remove curse
 o - 4 scrolls of magic mapping
 p - 9 scrolls of identify
 r - 3 scrolls of fear
 s - 3 scrolls of teleportation
 t - a scroll of amnesia
 B - 3 scrolls of recharging
 O - 2 scrolls of enchant weapon
 P - a scroll of silence
Potions
 e - 7 potions of brilliance
 h - a potion of magic
 i - 4 potions of berserk rage
 k - 4 potions of cancellation
 n - 2 potions of flight
 q - a potion of curing
 A - 4 potions of resistance
 C - 2 potions of heal wounds
 D - 2 potions of might
 E - a potion of invisibility
 F - 6 potions of ambrosia
Books
 y - a book of Conjurations

   Spells                             Type                      Level
   a - Magic Dart                     Conjuration                  1
   b - Searing Ray                    Conjuration                  2
   c - Dazzling Spray                 Conjuration/Hexes            3
   d - Fulminant Prism                Conjuration/Hexes            4
   e - Iskenderun's Mystic Blast      Conjuration                  4
   f - Iskenderun's Battlesphere      Conjuration/Charms           5
 L - a book of Clouds

   Spells                             Type                      Level
   a - Mephitic Cloud                 Conjuration/Poison/Air       3
   b - Conjure Flame                  Conjuration/Fire             3
   c - Poisonous Cloud                Conjuration/Poison/Air       6
   d - Freezing Cloud                 Conjuration/Ice/Air          6
   e - Ring of Flames                 Charms/Fire                  7
Comestibles
 f - 13 bread rations
 j - 13 meat rations
 m - 3 slices of pizza
 u - 7 royal jellies
 w - 14 chunks of flesh
 G - 5 beef jerkies
 H - 17 fruits


   Skills:
 * Level 13.2 Fighting
 * Level 12.7 Maces & Flails
 * Level 13.2 Armour
 - Level 1.7 Dodging
 - Level 1.2 Stealth
   Level 12.7 Shields
 + Level 7.6 Spellcasting
 + Level 8.3 Conjurations
 + Level 6.9 Hexes


You had 25 spell levels left.
You knew the following spells:

 Your Spells              Type           Power        Failure   Level  Hunger
a - Fulminant Prism       Conj/Hex       ###.......   96%         4    ####...


Dungeon Overview and Level Annotations

Branches:
Dungeon (15/15)            Temple (0/1) D:4            Lair (6/6) D:9
  Swamp (0/4) Lair:3        Snake (0/4) Lair:4        Slime (0/5) Lair:5
    Orc (0/2) D:12         Vaults (0/5) D:13         Depths (0/5) D:15

Altars:
Ashenzari
Cheibriados
Dithmenos
Kikubaaqudgha
Makhleb
Qazlal
Ru
Uskayaw
Xom
Yredelemnul
Jiyva

Shops:
D:6 !   D:8 (   D:11 [   D:12 *?=(*


Innate Abilities, Weirdness & Mutations

You are resistant to torment.
Your stone body is resilient. (AC +11)
You are immune to poison.
Your large and strong wings let you fly indefinitely.
You resist negative energy. (rN+)
You are resistant to electric shocks. (rElec)
You can survive without breathing.
You are immune to petrification.
You are immune to rotting.
You are surrounded by a mild repulsion field. (EV +2)


Message History

The meliai stings you but does no damage.
The meliai invokes the aid of its god against you.
Something smites you! The meliai hits you with a hand axe.
The meliai stings you but does no damage.
You barely miss the meliai. The meliai barely misses you.
The meliai stings you.
The meliai mumbles some strange prayers to its god against you.
Something smites you! The meliai hits you but does no damage.
The meliai closely misses you. The meliai hits you but does no damage.
The meliai stings you but does no damage.
The meliai invokes the aid of its god against you.
Something smites you!
* * * LOW HITPOINT WARNING * * *
The meliai hits you but does no damage. The meliai barely misses you.
The meliai mumbles some strange prayers to its god against you.
Something smites you!
* * * LOW HITPOINT WARNING * * *
The meliai mumbles some strange prayers to its god against you.
Something smites you!
You die...

#### ... ... #.. #y#
#y# #.# #y# ....
#@#######..... #
.######?.............
.
.....................
####........)........
#.................
#.####............ #.
#............ #
###.............
#.............


You could see 3 meliai.

Vanquished Creatures
  Rupert (D:13)
  Gastronok (D:10)
  Snorg (Lair:6)
  Josephine (D:15)
  A minotaur (Lab)
  A fire dragon (Lair:6)
  A yaktaur captain (D:15)
  2 hydras
  Erolcha (D:13)
  A catoblepas (D:13)
  3 centaur warriors
  A death knight (D:14)
  Erica (D:8)
  3 death yaks (Lair:3)
  A tengu warrior (D:14)
  5 slime creatures
  An unseen horror (D:14)
  A skeletal warrior (D:14)
  6 hill giants
  A necromancer (D:13)
  A lindwurm (D:13)
  Pikel (D:8)
  4 deep elf magi
  2 ugly things
  An oklob plant (Lair:6)
  2 manticores
  6 cyclopes
  16 elephants
  A centaur zombie (D:10)
  6 black mambas
  A torpor snail (Lair:4)
  12 spiny frogs
  Joseph (D:8)
  9 komodo dragons
  8 gargoyles
  3 centaur skeletons (D:14)
  6 rime drakes
  A yaktaur (D:15)
  An efreet (D:13)
  5 trolls
  A queen bee (D:8)
  6 meliai
  A queen bee (shapeshifter) (D:13)
  2 polar bears (Lair:6)
  3 two-headed ogres
  14 blink frogs
  3 dream sheep (Lair:4)
  15 hippogriffs
  A shadow (D:11)
  5 wraiths
  46 yaks
  2 basilisks
  A vampire (D:11)
  4 wyverns
  6 vampire mosquitoes
  A hungry ghost (D:8)
  2 steam dragons
  3 mottled dragons (Lair:6)
  2 soldier ants
  8 water moccasins
  A swamp drake (Lair:6)
  7 orc warriors
  5 porcupines
  5 black bears
  5 phantoms
  4 sky beasts
  3 eyes of draining
  14 ice beasts
  5 ogres
  15 centaurs
  4 big kobolds
  23 crocodiles
  17 bullfrogs
  A wyvern skeleton (D:11)
  3 scorpions
  24 killer bees
  11 wights
  4 electric eels
  3 howler monkeys
  6 crimson imps
  3 bullfrog zombies
  A quasit (D:14)
  5 hounds
  9 orc priests
  Crazy Yiuf (D:5)
  2 bullfrog skeletons
  4 orc wizards
  4 jellies
  Terence (D:3)
  6 iguanas
  7 worker ants
  A killer bee zombie (D:8)
  A hound zombie (D:9)
  A hound skeleton (D:4)
  A howler monkey skeleton (D:4)
  3 gnolls (D:2)
  A river rat (D:9)
  7 adders
  2 shadow imps
  4 oozes
  An adder zombie (D:6)
  2 adder skeletons
  5 worms
  2 dart slugs
  10 leopard geckos
  35 orcs
  9 giant cockroaches
  2 gnoll zombies (D:3)
  12 goblins
  7 hobgoblins
  14 jackals
  17 kobolds
  2 quokkas
  11 bats
  5 frilled lizards
  A jackal zombie (D:5)
  A leopard gecko zombie (D:6)
  A quokka skeleton (D:4)
  6 rats
  A fungus (Lair:6)
  A plant (Lair:6)
616 creatures vanquished.

Vanquished Creatures (others)
  4 slaves (D:8)
  A sky beast (D:15)
  3 killer bees (D:8)
  A hound (D:8)
  An orc priest (D:8)
  An orc wizard (D:8)
  An adder (D:8)
  2 orcs (D:8)
  14 fungi
  8 plants
36 creatures vanquished.

Grand Total: 652 creatures vanquished

Notes
Turn   | Place    | Note
-------+----------+-------------------------------------------
     0 | D:1      | JeffiDaFish the Gargoyle Fighter began the quest for the Orb.
     0 | D:1      | Reached XP level 1. HP: 14/14 MP: 1/1
   199 | D:1      | Reached XP level 2. HP: 19/19 MP: 2/2
   595 | D:1      | Reached XP level 3. HP: 22/23 MP: 3/3
   935 | D:2      | Found a shimmering altar of Xom.
   935 | D:2      | Found a burning altar of Makhleb.
   947 | D:2      | Reached XP level 4. HP: 21/28 MP: 2/4
  1067 | D:2      | Became a worshipper of Makhleb the Destroyer
  1796 | D:3      | Noticed Terence
  1819 | D:3      | Killed Terence
  1819 | D:3      | Reached XP level 5. HP: 26/33 MP: 5/5
  1867 | D:3      | Reached * piety under Makhleb
  1871 | D:3      | Found a basalt altar of Yredelemnul.
  1920 | D:3      | Found a shadowy altar of Dithmenos.
  2077 | D:3      | Gained mutation: Your spells are a little easier to cast, but a little less powerful. [potion of mutation]
  2077 | D:3      | Gained mutation: Your mind is acute. (Int +2) [potion of mutation]
  2077 | D:3      | Gained mutation: Armour fits poorly on your strangely shaped body. [potion of mutation]
  2299 | D:3      | Found an ancient bone altar of Kikubaaqudgha.
  2319 | D:3      | Gained mutation: You are surrounded by a mild repulsion field. (EV +2) [potion of beneficial mutation]
  2489 | D:4      | Noticed an ogre
  2499 | D:4      | Killed an ogre
  2499 | D:4      | Reached skill level 5 in Shields
  2499 | D:4      | Reached XP level 6. HP: 18/38 MP: 1/6
  2690 | D:4      | Found a staircase to the Ecumenical Temple.
  2770 | D:4      | Reached skill level 1 in Dodging
  3237 | D:4      | Reached XP level 7. HP: 40/43 MP: 5/7
  3588 | D:4      | Found a stormy altar of Qazlal.
  3725 | D:5      | Entered Level 5 of the Dungeon
  3950 | D:5      | Reached skill level 5 in Armour
  3950 | D:5      | Reached skill level 1 in Stealth
  4095 | D:5      | Found a sacrificial altar of Ru.
  4209 | D:5      | Reached XP level 8. HP: 48/48 MP: 8/8
  4227 | D:5      | Found a runed door.
  4230 | D:5      | Found a runed door.
  4277 | D:5      | Reached skill level 5 in Maces & Flails
  4299 | D:5      | Reached ** piety under Makhleb
  4499 | D:5      | Found a runed door.
  4503 | D:5      | Noticed Crazy Yiuf
  4520 | D:5      | Killed Crazy Yiuf
  5175 | D:6      | Found Ycaeture's Distillery.
  5557 | D:7      | HP: 2/48 [orc warrior/long sword of holy wrath (4)]
  5622 | D:7      | Paralysed by a centaur for 7 turns
  5636 | D:7      | Paralysed by a centaur for 4 turns
  5642 | D:7      | Reached XP level 9. HP: 18/53 MP: 5/9
  5877 | D:7      | Reached skill level 5 in Fighting
  5902 | D:7      | Learned a level 4 spell: Fulminant Prism
  6256 | D:8      | Reached *** piety under Makhleb
  6295 | D:8      | Found Fangik's Antique Weapon Boutique.
  6299 | D:8      | Noticed Pikel
  6385 | D:8      | Killed Pikel
  6385 | D:8      | Reached skill level 1 in Spellcasting
  6385 | D:8      | Reached skill level 1 in Conjurations
  6385 | D:8      | Reached skill level 1 in Hexes
  6428 | D:8      | Bought a glowing morningstar for 240 gold pieces
  6564 | D:8      | Noticed Erica
  6589 | D:8      | Killed Erica
  6589 | D:8      | Reached XP level 10. HP: 37/61 MP: 8/13
  6882 | D:8      | Noticed Joseph
  6891 | D:8      | Killed Joseph
  6902 | D:8      | Paralysed by a kobold for 6 turns
  6917 | D:8      | Paralysed by a kobold for 7 turns
  6933 | D:8      | Paralysed by a kobold for 2 turns
  7060 | D:8      | Reached skill level 10 in Shields
  7101 | D:8      | Reached **** piety under Makhleb
  7239 | D:9      | Found a basalt altar of Yredelemnul.
  7339 | D:9      | Reached XP level 11. HP: 67/67 MP: 15/15
  7402 | D:9      | Found a staircase to the Lair.
  7457 | D:9      | Found a shattered altar of Ashenzari.
  7460 | D:9      | Found a hide-covered altar of Uskayaw.
  7463 | D:9      | Found a sacrificial altar of Ru.
  7824 | D:9      | Reached ***** piety under Makhleb
  8073 | Lair:1   | Entered Level 1 of the Lair of Beasts
  8209 | Lair:1   | Noticed a six-headed hydra
  8217 | Lair:1   | Killed a six-headed hydra
  8510 | Lair:1   | Lost mutation: Armour fits poorly on your strangely shaped body. [potion of cure mutation]
  8510 | Lair:1   | Lost mutation: Your mind is acute. (Int +2) [potion of cure mutation]
  8510 | Lair:1   | Lost mutation: Your spells are a little easier to cast, but a little less powerful. [potion of cure mutation]
  9217 | Lair:2   | Reached XP level 12. HP: 36/75 MP: 7/18
  9942 | Lair:3   | Reached skill level 5 in Conjurations
  9957 | Lair:3   | Found a staircase to the Swamp.
 10196 | Lair:3   | Noticed a death yak
 10222 | Lair:3   | Killed a death yak
 10227 | Lair:3   | Noticed a death yak
 10229 | Lair:3   | Noticed a death yak
 10248 | Lair:3   | Killed a death yak
 10258 | Lair:3   | Killed a death yak
 10711 | Lair:3   | Reached skill level 5 in Spellcasting
 10859 | Lair:4   | Reached skill level 10 in Maces & Flails
 10920 | Lair:4   | Reached skill level 10 in Armour
 10942 | Lair:4   | Found a staircase to the Snake Pit.
 11020 | Lair:4   | Reached XP level 13. HP: 82/82 MP: 17/20
 11151 | Lair:4   | Found a frozen archway.
 11199 | Lair:4   | Reached skill level 10 in Fighting
 11664 | Lair:5   | Found a runed door.
 11665 | Lair:5   | Found a viscous altar of Jiyva.
 11667 | Lair:5   | Found a staircase to the Slime Pits.
 12433 | Lair:5   | Reached ****** piety under Makhleb
 12533 | Lair:6   | Entered Level 6 of the Lair of Beasts
 12548 | Lair:5   | HP: 2/83 [rime drake/flash freeze (26)]
 12896 | Lair:6   | Reached skill level 5 in Hexes
 12938 | Lair:6   | Found a labyrinth entrance.
 12951 | Lab      | Entered a labyrinth
 13913 | Lab      | Noticed a minotaur
 13919 | Lab      | Killed a minotaur
 14203 | Lair:6   | Noticed Snorg
 14211 | Lair:6   | Killed Snorg
 14211 | Lair:6   | Gained mutation: Your large and strong wings let you fly indefinitely. [Gargoyle growth]
 14211 | Lair:6   | Reached XP level 14. HP: 37/90 MP: 6/23
 14483 | Lair:6   | Got an ichor-stained trident
 14484 | Lair:6   | Identified the +7 trident of Intimidation {venom, Dex+4} (You found it on level 6 of the Lair of Beasts)
 15260 | D:10     | Entered Level 10 of the Dungeon
 15346 | D:10     | Noticed Gastronok
 15352 | D:10     | Killed Gastronok
 15961 | D:11     | Found a burning altar of Makhleb.
 16521 | D:11     | Found Hoerofab's Armour Shoppe.
 16529 | D:11     | Bought a +0 helmet of see invisible for 126 gold pieces
 16913 | D:12     | Found a staircase to the Orcish Mines.
 16925 | D:12     | Found Etroxol's Assorted Antiques.
 16930 | D:12     | Bought a scroll labeled NUOSEQ ZIUSUI for 32 gold pieces
 16960 | D:12     | Found Soxyfel's Antique Weapon Boutique.
 16963 | D:12     | Bought a jewelled whip for 225 gold pieces
 16963 | D:12     | Identified the cursed +1 whip of Wioxit {drain, Str+5 Dex-2 Stlth+} (You bought it in a shop on level 12 of the Dungeon)
 17007 | D:12     | Found Agorchuo's Jewellery Emporium.
 17010 | D:12     | Found Xoly's Magic Scroll Shoppe.
 17060 | D:12     | Bought a scroll of enchant armour for 105 gold pieces
 17069 | D:12     | Bought a +4 ring of strength for 351 gold pieces
 17127 | D:12     | Found Gulankurph's General Store.
 17560 | D:13     | Noticed Rupert
 17569 | D:13     | Killed Rupert
 17569 | D:13     | Reached XP level 15. HP: 81/97 MP: 16/25
 17730 | D:13     | Found a gate to the Vaults.
 17837 | D:13     | Noticed Erolcha
 17841 | D:13     | Killed Erolcha
 18025 | D:14     | Found a snail-covered altar of Cheibriados.
 18594 | D:15     | Entered Level 15 of the Dungeon
 18657 | D:15     | Found a staircase to the Depths.
 18716 | D:15     | Identified a scroll of acquirement
 18717 | D:15     | Got a pitted wooden ring
 18719 | D:15     | Identified the ring "Mizyfeun" {Fire +Fly rPois Str-2} (You acquired it on level 15 of the Dungeon)
 18761 | D:15     | Noticed Josephine
 18764 | D:15     | Killed Josephine
 18934 | D:15     | Killed from afar by a meliai

Skill      XL: |  1  2  3  4  5  6  7  8  9 10 11 12 13 14 15 |
---------------+----------------------------------------------+-----
Shields        | 4 5 6 8 9 10 11 12 | 12.7
Armour         | 4 5 7 8 9 10 11 12 13 | 13.2
Maces & Flails | 3 4 6 7 8 9 10 11 12 | 12.7
Dodging        | 1 |  1.7
Fighting       | 4 6 7 8 9 11 12 13 | 13.2
Stealth        | 1 |  1.2
Spellcasting   | 2 3 4 5 6 7 |  7.6
Conjurations   | 2 3 4 5 6 7 8 |  8.3
Hexes          | 1 2 3 4 5 6 |  6.9

Action                   |  1- 3 |  4- 6 |  7- 9 | 10-12 | 13-15 || total
-------------------------+-------+-------+-------+-------+-------++-------
Melee: Flail             |    56 |       |       |       |       ||    56
       Mace              |    62 |   271 |   742 |       |       ||  1075
       Morningstar       |       |       |    48 |   966 |   401 ||  1415
       Maul              |       |       |       |       |   463 ||   463
  Use: Scroll            |     7 |     3 |     8 |     5 |    15 ||    38
       Potion            |     2 |     6 |     5 |     5 |     5 ||    23
 Stab: Confused          |       |       |       |       |     1 ||     1
  Eat: Chunk             |     1 |     7 |    12 |    14 |    26 ||    60
       Meat ration       |       |       |     1 |       |       ||     1
       Pizza             |       |       |     1 |       |       ||     1
       Fruit             |       |       |       |     1 |     3 ||     4
Armor: Scale mail        |    56 |    93 |       |       |       ||   149
       Plate armour      |       |     8 |   523 |   711 |   261 ||  1503
       Chain mail        |       |     6 |       |       |       ||     6
       Crystal plate arm |       |       |       |       |  1206 ||  1206
Dodge: Dodged            |    35 |    61 |   195 |   402 |   731 ||  1424
Block: Shield            |   107 |   187 |   729 |  1076 |   446 ||  2545
